 Dungeon Crawl Stone Soup version 0.31-a0-1237-gabc64e778c (webtiles) character file.

Game seed: 10412994087491478384

2423 timneilson the Ruffian (level 9, -11/61 HPs)
             Began as an Octopode Shapeshifter on Dec 16, 2023.
             Mangled by a vampire (12 damage)
             ... on level 7 of the Dungeon.
             The game lasted 00:11:22 (6642 turns).

timneilson the Ruffian (Octopode Shapeshifter)      Turns: 6642, Time: 00:11:23

Health: -11/61     AC:  1    Str: 17    XL:     9   Next: 48%
Magic:  9/9        EV: 16    Int: 13    God:
Gold:   516        SH:  0    Dex: 17    Spells: 8/8 levels left

rFire   . .          .
                       - Unarmed
rCold   . . .        (no shield)
rNeg    . . .        (helmet currently unavailable)
rPois   .            (no amulet)
rElec   .            l - +6 ring of dexterity
rCorr   .            (no ring)
SInv    .            (no ring)
Will    .....        (no ring)
Stlth   ++++         (no ring)
HPRegen 0.30/turn    (no ring)
MPRegen 0.11/turn    (no ring)
                     (no ring)

%: no passive effects
@: beast-form
A: beast (slay +3), almost no armour, amphibious, 8 rings, camouflage 1,
gelatinous body 1, (nimble swimmer 1), tentacles
a: Begin Untransformation


You were on level 7 of the Dungeon.
You were a hulking beast.
You visited 2 branches of the dungeon, and saw 8 of its levels.

You collected 516 gold pieces.

Inventory:

Jewellery
 l - a +6 ring of dexterity (left tentacle)
 s - an amulet of the acrobat
Talismans
 b - a beast talisman
 c - a flux talisman
Wands
 k - a wand of roots (11)
 q - a wand of polymorph (6)
 u - a wand of digging (4)
Scrolls
 f - a scroll of teleportation
 p - a scroll of enchant weapon
 t - a scroll of fog
Potions
 a - 3 potions of lignification
 d - 3 potions of might
 e - 3 potions of mutation
 g - a potion of enlightenment
 h - a potion of brilliance
 j - a potion of magic
 m - 3 potions of curing
 n - 2 potions of haste {unknown}
 o - a potion of resistance {unknown}
 r - a potion of berserk rage {unknown}


   Skills:
 * Level 5.6 Fighting
 * Level 6.0 Dodging
 + Level 5.6 Stealth
 * Level 6.4 Unarmed Combat
 + Level 2.5 Evocations
 * Level 6.1 Shapeshifting


You had 8 spell levels left.
You didn't know any spells.
Your spell library was empty.

Dungeon Overview and Level Annotations

Branches:
Dungeon (7/15)             Temple (1/1) D:7

Altars:
Ashenzari
Dithmenos
Fedhas
Hepliaklqana
Kikubaaqudgha
Makhleb
Nemelex Xobeh
Okawaru
Qazlal
Sif Muna
Trog
Uskayaw
Vehumet
Wu Jian
Yredelemnul
Zin
The Shining One

Shops:
D:1 *

Portals:
Bailey: D:7

Annotations:
D:5 1 runed translucent door


Innate Abilities, Weirdness & Mutations

You are a hulking beast.
Your limbs bulge with bestial killing power. (Slay +3)
You cannot wear most types of armour.
You are amphibious.
You can wear up to eight rings at the same time.
Your skin changes colour to match your surroundings (Stealth+).
Your rubbery body absorbs attacks. (AC +1, EV +1)
((You are camouflaged when in or above water. (Stealth+)))
You have tentacles for arms and can constrict up to eight enemies at once.


Message History

You constrict the vampire. The vampire draws life force from you!
The vampire is healed by the life force!
You tentacle-slap the vampire but do no damage.
The vampire is heavily damaged.
You constrict the vampire. The vampire completely misses you.
The vampire bites you!
The vampire draws strength from your injuries!
You barely miss the vampire.
The vampire is heavily damaged.
You constrict the vampire, but do no damage.
You tentacle-slap the vampire.
The vampire is heavily damaged.
You constrict the vampire. The vampire barely misses you.
The vampire bites you.
The vampire draws strength from your injuries!
You tentacle-slap the vampire.
The vampire is heavily damaged.
You constrict the vampire, but do no damage.
The vampire barely misses you. The vampire bites you.
The vampire draws strength from your injuries!
You tentacle-slap the vampire.
The vampire is heavily damaged.
You constrict the vampire. The vampire hits you. The vampire misses you.
You tentacle-slap the vampire but do no damage.
You tentacle-slap the vampire, but do no damage.
The vampire is heavily damaged.
You constrict the vampire. The vampire completely misses you.
The vampire bites you!
* * * LOW HITPOINT WARNING * * *
The vampire draws strength from your injuries!
You tentacle-slap the vampire but do no damage.
The vampire is moderately damaged.
You constrict the vampire. The vampire closely misses you.
The vampire barely misses you.
You tentacle-slap the vampire. You squeeze the vampire.
The vampire is severely damaged.
You constrict the vampire. The vampire hits you!
* * * LOW HITPOINT WARNING * * *
The vampire bites you!
You die...

*,,,,,,+,,,,,,,,,,*,,,*
*>..,,,*#..,,**,***,,,*
*...,,,,...,,,,,,,+,,,+
*##.#####.#,,,,,***,,,*
#.....##.#,,,,,,,,,,**
#..)..##.#,***,****,*
##.)∩).##.#,,,*,####'##
#...)...#.#####.##.....
#....Vh.........##.....
#.#.###.####.#####.....
*,,,,...# #.#####.....
****###.####'###.#.....
#.##.....#..)....
#.##.#'#.##....#+
#..+.#>#.'..#..#.
####.###.##.#....
#.....##.##..<


You could see a vampire.

Vanquished Creatures
  Grinder (D:3)
  Prince Ribbit (D:5)
  Sigmund (D:4)
  Eustachio (D:4)
  3 black bears
  An orc warrior (D:6)
  2 ogres
  A bullfrog (D:6)
  Blork the orc (D:5)
  3 scorpions
  A howler monkey (D:6)
  A human zombie (D:5)
  2 jellies (D:4)
  2 hounds (D:5)
  Crazy Yiuf (D:4)
  2 orc priests (D:3)
  Jessica (D:2)
  An iguana (D:5)
  3 sleepcaps
  Terence (D:2)
  4 orc wizards
  4 adders
  14 gnolls
  4 ufetubi
  3 worms
  A dart slug (D:3)
  15 orcs
  11 endoplasms
  5 giant cockroaches
  31 goblins
  35 hobgoblins
  4 jackals
  5 quokkas
  8 ball pythons
  4 bats
  5 frilled lizards
  11 kobolds
  5 rats
199 creatures vanquished.

Notes
Turn   | Place    | Note
-------+----------+-------------------------------------------
     0 | D:1      | timneilson the Octopode Shapeshifter began the quest for
                  | the Orb.
     0 | D:1      | Reached XP level 1. HP: 13/13 MP: 1/1
    29 | D:1      | Reached XP level 2. HP: 14/18 MP: 2/2
   123 | D:1      | Found Oxkuag's Assorted Antiques.
   283 | D:1      | Found a faded altar of an unknown god.
   288 | D:1      | Noticed a great orb of eyes
   304 | D:1      | Noticed a glass eye
   312 | D:1      | Noticed a great orb of eyes
   324 | D:1      | Noticed a golden eye
   379 | D:1      | Reached skill level 1 in Stealth
   379 | D:1      | Reached XP level 3. HP: 23/23 MP: 3/3
  1133 | D:2      | Noticed Terence
  1140 | D:2      | Killed Terence
  1141 | D:2      | Reached XP level 4. HP: 25/29 MP: 4/4
  1504 | D:2      | Reached XP level 5. HP: 34/34 MP: 5/5
  1523 | D:2      | Noticed Jessica
  1531 | D:2      | Killed Jessica
  2503 | D:3      | Found an ornate altar of the Wu Jian Council.
  2518 | D:3      | Noticed Grinder
  2526 | D:3      | Paralysed by Grinder for 5 turns
  2543 | D:3      | Killed Grinder
  2544 | D:3      | Reached XP level 6. HP: 11/42 MP: 6/6
  2810 | D:3      | Reached XP level 7. HP: 22/46 MP: 7/7
  3222 | D:4      | Noticed Sigmund
  3284 | D:4      | Killed Sigmund
  3582 | D:4      | Reached skill level 5 in Unarmed Combat
  3778 | D:4      | Reached XP level 8. HP: 52/54 MP: 8/8
  3859 | D:4      | Identified the +0 helmet "Gaomoaf" {*Corrode rPois rC++}
  3977 | D:4      | Noticed Eustachio
  3989 | D:4      | Killed Eustachio
  3990 | D:4      | Reached skill level 5 in Shapeshifting
  4154 | D:4      | Found a runed translucent door.
  4155 | D:4      | Noticed Crazy Yiuf
  4373 | D:4      | Found a shadowy altar of Dithmenos.
  4928 | D:4      | Killed Crazy Yiuf
  5010 | D:5      | Entered Level 5 of the Dungeon
  5046 | D:5      | Reached skill level 5 in Dodging
  5046 | D:5      | Reached skill level 1 in Evocations
  5393 | D:5      | Noticed Prince Ribbit
  5399 | D:5      | Killed Prince Ribbit
  5400 | D:5      | Reached skill level 5 in Fighting
  5400 | D:5      | Reached skill level 5 in Stealth
  5400 | D:5      | Reached XP level 9. HP: 32/61 MP: 9/9
  5468 | D:5      | Noticed Blork the orc
  5473 | D:5      | Killed Blork the orc
  5553 | D:5      | Found a runed translucent door.
  5559 | D:5      | Found a basalt altar of Yredelemnul.
  6166 | D:6      | Found a shimmering blue altar of Sif Muna.
  6601 | D:7      | Found a staircase to the Ecumenical Temple.
  6615 | Temple   | Entered the Ecumenical Temple
  6624 | D:7      | Found a flagged portal.
  6642 | D:7      | HP: 1/61 [vampire (12)]
  6642 | D:7      | Mangled by a vampire

Illustrated notes

Levels and vault maps discovered:
D:1:      erik_arrival_cave_to_civilisation [erik_arrival_cave_to_hall],
          layout_basic, serial_shops, shop,
          hellmonk_ecumenical_altar_watching_god, minmay_fountain_box,
          minmay_misc_feat_rows
D:2:      layout_basic, uniq_jessica, uniq_terence
D:3:      layout_loops_corners, nicolae_wu_jian_wuxing_cycle, minivault_25,
          grunt_ministairs_2, minmay_crystal_water, minmay_vboxes, uniq_grinder
D:4:      minmay_goblin_kobold_castle, layout_loops_cross,
          grunt_dithmenos_smoke, uniq_crazy_yiuf_cottage, uniq_sigmund,
          uniq_eustachio
D:5:      layout_basic, dk_yredelemnul_ordeal, uniq_prince_ribbit1,
          uniq_blork_the_orc
D:6:      layout_basic, kennysheep_orc_sif_temple,
          hangedman_abyss_or_decor_lesser_grid
D:7:      layout_basic, old_standard_altar, minmay_temple_entry_glassed_door,
          enter_bailey_2, uniq_menkaure
Temple:   hellmonk_temple_forest_ring

Skill      XL: |  1  2  3  4  5  6  7  8  9 |
---------------+----------------------------+-----
Stealth        | 1 3 5 |  5.6
Fighting       | 2 3 4 5 |  5.6
Dodging        | 3 4 5 6 |  6.0
Unarmed Combat | 4 5 6 |  6.4
Shapeshifting  | 4 5 6 |  6.1
Evocations     | 1 2 |  2.5

Action                     |  1- 3 |  4- 6 |  7- 9 || total
---------------------------+-------+-------+-------++-------
  Melee: Unarmed           |    70 |    81 |   242 ||   393
         Constrict         |    17 |    21 |    56 ||    94
         Tentacles         |    19 |    19 |    64 ||   102
         Punch             |     4 |     4 |    15 ||    23
    Use: Scroll            |     3 |     2 |    10 ||    15
   Stab: Sleeping          |     6 |     5 |    12 ||    23
         Distracted        |     1 |       |     1 ||     2
 Armour: Skin              |    30 |    33 |   107 ||   170
  Dodge: Dodged            |    28 |    41 |   188 ||   257

Table legend: (Time is in decaauts)
 A = Elapsed time spent in this place.
 B = Non-inter-level travel time spent in this place.
 C = Inter-level travel time spent in this place.
 D = Time resting spent in this place.
 E = Time spent auto-exploring this place.
 F = Levels seen in this place.
 G = Mean time per level.
                   A        B        C        D        E       F      G
               +--------+--------+--------+--------+--------+-----+--------+
         Total |   6606 |   6434 |    172 |    163 |   4955 |   8 |  825.8 |
       Dungeon |   6605 |   6433 |    172 |    163 |   4955 |   7 |  943.6 |
        Temple |      1 |      1 |      0 |      0 |      0 |   1 |    1.0 |
               +--------+--------+--------+--------+--------+-----+--------+

Top non-repeatable levels by time:
     D:4: 1741 daAuts
     D:3: 1275 daAuts
     D:2: 1124 daAuts
     D:1: 844 daAuts
     D:5: 787 daAuts
     D:6: 787 daAuts
     D:7: 45 daAuts
  Temple: 1 daAuts
